 Dungeon Crawl Stone Soup version 0.27.1-2-g3b301248ec (webtiles) character file.

Game seed: 8272332890001199147

1082 pohuy the Nimble (level 8, -19/42 HPs)
             Began as a Spriggan Berserker on Oct 3, 2021.
             Was a Priest of Trog.
             Demolished by a two-headed ogre (29 damage)
             ... on level 5 of the Dungeon.
             The game lasted 00:14:00 (5909 turns).

pohuy the Nimble (Spriggan Berserker)               Turns: 5909, Time: 00:14:01

Health: -19/42     AC:  3    Str: 13    XL:     8   Next: 8%
Magic:  9/9        EV: 24    Int:  8    God:    Trog [***...]
Gold:   6          SH:  0    Dex: 17    Spells: 7/7 levels left

rFire    . . .     SeeInvis +   b - +1 spear (venom)
rCold    . . .     Faith    .   (shield restricted)
rNeg     . . .     Spirit   .   g - +0 animal skin
rPois    +         Reflect  .   (helmet restricted)
rElec    .         Harm     .   e - +0 cloak
rCorr    .         Rampage  .   (gloves unavailable)
Will     +....                  (boots unavailable)
Stlth    ++........             (no amulet)
HPRegen  0.14/turn              o - ring of poison resistance
MPRegen  0.11/turn              (no ring)

@: very quick
A: very small, no large weapons, unfitting armour, see invisible, speed 3
a: Renounce Religion, Berserk, Trog's Hand


You were on level 5 of the Dungeon.
You worshipped Trog.
Trog was most pleased with you.
You visited 1 branch of the dungeon, and saw 5 of its levels.

You collected 160 gold pieces.
You spent 154 gold pieces at shops.

Inventory:

Hand Weapons
 a - a +0 falchion of protection
 b - a +1 spear of venom (weapon)
Missiles
 j - 9 boomerangs
 m - a poisoned dart (quivered)
Armour
 e - a +0 cloak (worn)
 g - a +0 animal skin (worn)
 s - a +0 buckler
Jewellery
 o - a ring of poison resistance (left hand)
Scrolls
 c - 2 scrolls of fear
 f - a scroll of enchant armour
 k - a scroll of torment
 l - a scroll of amnesia
 n - 2 scrolls of enchant weapon
 r - a scroll of identify
 t - a scroll of teleportation
 v - a scroll of silence {unknown}
Potions
 d - 2 potions of might
 h - a potion of haste
 i - a potion of cancellation
 p - a potion of flight
 q - 3 potions of curing
 u - a potion of lignification {unknown}


   Skills:
 + Level 4.3 Fighting
 + Level 4.3 Long Blades
 + Level 10.2 Dodging


You had 7 spell levels left.
You didn't know any spells.
Your spell library contained the following spells:

 Spells                   Type           Power      Damage    Failure   Level
 Sublimation of Blood     Necr           0%         N/A       54%         2
 Wereblood                Tmut           0%         N/A       54%         2
 Fireball                 Conj/Fire      0%         3d3       100%        5
 Starburst                Conj/Fire      0%         6d3       100%        6
 Summon Hydra             Summ           0%         N/A       100%        7
 Ignition                 Fire           0%         3d3       100%        8


Dungeon Overview and Level Annotations

Branches:
Dungeon (5/15)
 Temple: D:4-7

Altars:
Elyvilon
Gozag
Wu Jian

Shops:
D:4 *

Annotations:
D:3 1 runed translucent door, emiel's ghost, amateur FoBe


Innate Abilities, Weirdness & Mutations

You are very small and have problems with some larger weapons.
You are too small for most types of armour.
You have supernaturally acute eyesight. (SInv)
You cover ground extremely quickly. (Speed+++)


Message History

You throw a poisoned dart.
The poisoned dart barely misses the two-headed ogre.
You throw a poisoned dart.
The poisoned dart completely misses the two-headed ogre.
You throw a poisoned dart.
The poisoned dart hits the two-headed ogre.
The two-headed ogre looks even sicker.
The two-headed ogre is moderately wounded.
You throw a poisoned dart.
The poisoned dart hits the two-headed ogre.
The two-headed ogre looks as sick as possible!
The two-headed ogre is moderately wounded.
m - 4 poisoned darts (gained 1)
m - 5 poisoned darts (gained 1)
You throw a poisoned dart.
The poisoned dart hits the two-headed ogre.
The two-headed ogre is severely wounded.
You throw a poisoned dart.
The poisoned dart hits the two-headed ogre.
The two-headed ogre looks even sicker.
The two-headed ogre is severely wounded.
You throw a poisoned dart.
The poisoned dart barely misses the two-headed ogre.
m - 3 poisoned darts (gained 1)
You see here a poisoned dart.
You throw a poisoned dart.
The poisoned dart hits the two-headed ogre.
The two-headed ogre looks even sicker.
The two-headed ogre is severely wounded.
You throw a poisoned dart.
The poisoned dart barely misses the two-headed ogre.
You reach to attack!
You hit the two-headed ogre.
The two-headed ogre looks as sick as possible!
The two-headed ogre is almost dead.
The two-headed ogre hits you with a +0 giant club!!
Ouch! That really hurt!
* * * LOW HITPOINT WARNING * * *
The two-headed ogre hits you with a +0 giant club!!
Ouch! That really hurt!
You die...

#.# #....(...# ..#
###........# ...
...........# ...
#.......#### ...
+......(.# ..#
#........### ..#
+..........#
#.#+#+#.......##.#
..........#..((#@#
#....<..#.#.##.#O#
.............#(#.#
.....)....####.#.#
..........#....#(#
..........#...O#.#
..........#.##.#.##
<.#.#'#.........(.#
..#.#)##########(.#


You could see a two-headed ogre (extremely poisoned).

Vanquished Creatures
  Duvessa (D:5)
  A black bear (D:4)
  2 necrophages
  3 scorpions
  Dowan (D:5)
  A vampire bat (D:3)
  A hound (D:5)
  Crazy Yiuf (D:4)
  2 centaur skeletons (D:5)
  An orc priest (D:4)
  An iguana (D:3)
  An orc wizard (D:4)
  4 gnolls
  4 adders
  An ufetubus (D:5)
  2 worms
  2 dart slugs
  3 fire bats (D:3)
  7 orcs (D:4)
  2 spectral bats (D:3)
  12 bats
  3 bat skeletons (D:3)
  A bat zombie (D:3)
  10 endoplasms
  4 giant cockroaches
  9 hobgoblins
  3 kobolds
  3 quokkas
  4 ball pythons
  A bat simulacrum (D:3)
  3 frilled lizards
  7 goblins
  6 rats
107 creatures vanquished.

Notes
Turn   | Place    | Note
-------+----------+-------------------------------------------
     0 | D:1      | pohuy the Spriggan Berserker began the quest for the Orb.
     0 | D:1      | Reached XP level 1. HP: 11/11 MP: 2/2
   377 | D:1      | Reached XP level 2. HP: 16/16 MP: 3/3
  1161 | D:1      | Found a faded altar of an unknown god.
  1346 | D:1      | Reached XP level 3. HP: 20/20 MP: 4/4
  2017 | D:2      | Reached ** piety under Trog
  2086 | D:2      | Reached skill level 5 in Dodging
  2382 | D:3      | Reached XP level 4. HP: 23/24 MP: 5/5
  2586 | D:3      | Reached skill level 6 in Dodging
  2586 | D:3      | Reached XP level 5. HP: 28/28 MP: 6/6
  2628 | D:3      | Reached skill level 7 in Dodging
  2748 | D:3      | Found an opulent altar of Gozag.
  2756 | D:3      | Noticed a necrophage
  2771 | D:3      | Killed a necrophage
  2772 | D:3      | Reached skill level 8 in Dodging
  2772 | D:3      | Reached XP level 6. HP: 32/32 MP: 7/7
  3073 | D:3      | Found a runed translucent door.
  3077 | D:3      | Noticed emiel's ghost (amateur FoBe)
  3157 | D:3      | Found an ornate altar of the Wu Jian Council.
  3684 | D:4      | Reached skill level 9 in Dodging
  3730 | D:4      | Reached *** piety under Trog
  3906 | D:4      | Reached XP level 7. HP: 36/36 MP: 8/8
  4216 | D:4      | Found a runed translucent door.
  4217 | D:4      | Noticed Crazy Yiuf
  4223 | D:4      | Killed Crazy Yiuf
  4796 | D:4      | Found Caenis's Commerce Corner.
  4821 | D:4      | Bought a potion of cancellation for 112 gold pieces
  4821 | D:4      | Bought a potion of curing for 42 gold pieces
  4928 | D:5      | Entered Level 5 of the Dungeon
  5176 | D:5      | Found a white marble altar of Elyvilon.
  5274 | D:5      | Reached skill level 10 in Dodging
  5334 | D:5      | Noticed Duvessa
  5334 | D:5      | Noticed Dowan
  5364 | D:5      | Killed Duvessa
  5365 | D:5      | Reached XP level 8. HP: 42/42 MP: 9/9
  5368 | D:5      | Killed Dowan
  5848 | D:5      | Noticed a two-headed ogre
  5909 | D:5      | Demolished by a two-headed ogre

Illustrated notes

Levels and vault maps discovered:
D:1:      lightli_arrival_farm, layout_loops_ring,
          shapermc_ecumenical_altar_starsandcircs,
          chequers_serial_rivers_micro_e
D:2:      layout_basic, minmay_statues_item
D:3:      layout_loops_corners, nzn_wu_jian_council_hall, grunt_gozag_statues,
          gammafunk_ghost_grave, goddamned_bats
D:4:      layout_loops_corners, kennysheep_doodads, nicolae_alphabet_shops,
          minmay_cut_off, uniq_crazy_yiuf_cottage
D:5:      layout_basic, lemuel_tele_altar, nicolae_zen_rock_garden, uniq_duvessa

Skill      XL: |  1  2  3  4  5  6  7 |
---------------+----------------------+-----
Fighting       | 3 4 |  4.3
Long Blades    | 3 4 |  4.3
Dodging        | 5 6 8 9 10 | 10.2

Action                   |  1- 3 |  4- 6 |  7- 9 || total
-------------------------+-------+-------+-------++-------
Melee: Falchion          |    88 |   115 |    99 ||   302
       Spear             |       |       |     2 ||     2
Throw: Boomerang         |       |     3 |       ||     3
       Dart              |       |       |    14 ||    14
Invok: Berserk           |    20 |    10 |    13 ||    43
  Use: Scroll            |       |       |     9 ||     9
 Stab: Sleeping          |     1 |       |       ||     1
       Distracted        |       |     1 |       ||     1
Armor: Animal skin       |    13 |    29 |    19 ||    61
Dodge: Dodged            |    58 |   132 |    89 ||   279
       Rpst.: Falchion   |    21 |    42 |    27 ||    90
